 Dungeon Crawl Stone Soup version 0.29.1-1-gd02db6906a (webtiles) character file.

Game seed: 17819294539454855576

4403 experimilk the Grappler (level 10, -4/91 HPs)
             Began as a Troll Gladiator on Oct 1, 2022.
             Was an Elder of Okawaru.
             Slain by an orc warrior
             ... wielding a +0 halberd
              (18 damage)
             ... in a bailey on Oct 2, 2022.
             The game lasted 00:30:04 (8237 turns).

experimilk the Grappler (Troll Gladiator)           Turns: 8237, Time: 00:30:05

Health: -4/91      AC:  4    Str: 28    XL:     10   Next: 13%
Magic:  12/12      EV: 10    Int:  4    God:    Okawaru [****..]
Gold:   332        SH:  0    Dex: 11    Spells: 9/9 levels left

rFire   . . .      SeeInvis .     - Unarmed
rCold   . . .      Faith    .   (no shield)
rNeg    + . .      Spirit   .   s - +0 robe {rN+}
rPois   .          Reflect  .   b - +0 hat
rElec   .          Harm     .   G - scarf {repulsion}
rCorr   .          Rampage  .   (gloves unavailable)
Will    .....                   (boots unavailable)
Stlth   +.........              (no amulet)
HPRegen 1.05/turn               (no ring)
MPRegen 0.13/turn               (no ring)

@: invisible, repel missiles
A: large, unfitting armour, claws 3, regeneration 1, shaggy fur 1, tough skin 1
a: Renounce Religion, Heroism, Finesse


You were in a bailey.
You worshipped Okawaru.
Okawaru was greatly pleased with you.
You visited 1 branch of the dungeon, and saw 7 of its levels.
You also visited: Sewer, Ossuary and Bailey.

You collected 332 gold pieces.

Inventory:

Missiles
 c - 3 throwing nets
 d - 3 large rocks (quivered)
 g - 28 stones
 u - 3 javelins
Armour
 b - a +0 hat (worn)
 q - a +0 cloak of willpower
 s - a +0 robe of positive energy (worn)
 G - a scarf of repulsion (worn)
Jewellery
 t - a ring of ice
Scrolls
 e - a scroll of enchant weapon {unknown}
 h - 6 scrolls of butterflies {unknown}
 k - 3 scrolls of blinking {unknown}
 m - 2 scrolls of noise {unknown}
 n - 2 scrolls of brand weapon {unknown}
 o - 3 scrolls of fear {unknown}
 v - 4 scrolls of teleportation
 y - a scroll of amnesia {unknown}
 D - a scroll of torment {unknown}
 E - 3 scrolls of poison {unknown}
 F - 2 scrolls of enchant armour {unknown}
Potions
 a - 2 potions of brilliance
 f - a potion of might {unknown}
 i - 2 potions of curing
 l - 2 potions of mutation
 p - a potion of ambrosia {unknown}
 r - a potion of berserk rage {unknown}
 w - 4 potions of cancellation
 x - a potion of heal wounds {unknown}
 z - a potion of flight {unknown}
 A - a potion of resistance {unknown}
 B - a potion of attraction {unknown}
 C - a potion of haste {unknown}


   Skills:
 - Level 3.0 Fighting
 - Level 6.0 Throwing
 - Level 2.4 Dodging
 * Level 12.4 Unarmed Combat
 + Level 4.2 Invocations


You had 9 spell levels left.
You didn't know any spells.
Your spell library contained the following spells:

 Spells                   Type           Power      Damage    Failure   Level
 Dazzling Flash           Conj/Hex       0%         N/A       86%         3
 Gell's Gravitas          Tloc           0%         N/A       86%         3
 Lesser Beckoning         Tloc           0%         N/A       86%         3
 Teleport Other           Tloc           0%         N/A       86%         3
 Iskenderun's Mystic Bla  Conj/Tloc      0%         2d3       99%         4
 Starburst                Conj/Fire      0%         6d3       100%        6


Dungeon Overview and Level Annotations

Branches:
Dungeon (7/15)             Temple (0/1) D:7           Sewer (visited)
Ossuary (visited)          Bailey (1/1)

Altars:
Cheibriados
Okawaru
Sif Muna

Shops:
D:4 [


Innate Abilities, Weirdness & Mutations

You are too large for most types of armour.
You have claws for hands.
Your natural rate of healing is unusually fast.
You are covered in fur. (AC +1)
You have tough skin. (AC +1)


Message History

A centaur is nearby!
Unknown command.
An orc warrior comes into view. It is wielding a +0 halberd.
The orc warrior shouts!
The centaur hits you from afar with a +0 halberd!
The centaur barely misses you. The centaur hits you with a +0 halberd!
The centaur kicks you but does no damage.
You closely miss the centaur. The centaur misses you.
The centaur kicks you but does no damage.
The centaur hits you with a +0 halberd! The centaur barely misses you.
You claw the centaur!
The centaur is heavily wounded.
The centaur hits you with a +0 halberd! The centaur kicks you.
You scratch the centaur.
The centaur is severely wounded.
The centaur hits you with a +0 halberd. The centaur kicks you.
You barely miss the centaur.
The centaur is severely wounded.
The orc warrior hits you from afar with a +0 halberd!
* * * LOW HITPOINT WARNING * * *
The centaur barely misses you. The centaur kicks you.
* * * LOW HITPOINT WARNING * * *
Unknown command.
You feel better. The centaur hits you with a +0 halberd.
The centaur barely misses you.
The orc warrior hits you from afar with a +0 halberd!
* * * LOW HITPOINT WARNING * * *
The centaur barely misses you. x2
You fade into invisibility!
The orc warrior misses you. The centaur misses you.
The centaur kicks you but does no damage.
You catch the helpless centaur completely off-guard!
You mangle the centaur!!
You kill the centaur!
Okawaru accepts your kill.
The orc warrior hits you from afar with a +0 halberd!
* * * LOW HITPOINT WARNING * * *
The orc warrior hits you with a +0 halberd!!
You die...

#≈≈≈...≈≈≈##
≈≈⌠.....⌠≈≈######
≈.........≈≈≈≈#$##
...≈≈≈≈≈......#..##
..≈≈...≈≈.....#..≈#
.≈≈.≈.≈.≈≈.≈).'..≈#
.≈.≈≈.≈≈.≈.≈≈.#..≈#
≈≈.≈...≈.≈≈.≈.#..≈#
≈.≈≈...≈≈.≈.≈.#.@≈#
≈.≈.⌠∩⌠.≈.≈)≈.#.o≈#
≈.≈..∩..≈.≈.≈.#..≈#
≈)≈.⌠∩⌠.≈.≈)≈.#..≈#
≈.≈≈...≈≈.≈.≈.#..≈#
≈≈.≈...≈.≈≈.≈.#..≈#
.≈.≈≈≈≈≈.≈)≈≈.#..≈#
.≈≈.....≈≈.≈.##..≈#
≈.≈≈≈.≈≈≈.≈≈.#


You could see an orc warrior (unable to see you).

Vanquished Creatures
  Pikel (D:6)
  Joseph (D:7)
  Prince Ribbit (D:7)
  A steam dragon (D:7)
  A sky beast (D:7)
  An orc warrior (D:6)
  2 ice beasts (D:6)
  3 centaurs (Bailey)
  3 ogres
  2 phantoms
  4 bullfrogs
  5 kobold brigands
  A scorpion (D:7)
  4 necrophages
  8 howler monkeys
  4 hounds
  A gnoll bouda (D:5)
  5 jellies
  Crazy Yiuf (D:3)
  5 orc priests
  4 orc wizards
  5 ogre zombies (Ossuary)
  7 mummies (Ossuary)
  8 gnolls
  12 adders
  5 river rats (Sewer)
  2 white imps
  2 adder zombies (Ossuary)
  A worm (D:2)
  4 dart slugs
  17 orcs
  6 bats
  5 endoplasms
  4 giant cockroaches
  3 gnoll zombies (Ossuary)
  12 goblins
  6 hobgoblins
  20 kobolds
  3 quokkas
  8 ball pythons
  4 frilled lizards
  3 goblin zombies (Ossuary)
  2 hobgoblin zombies (Ossuary)
  5 kobold zombies (Ossuary)
  4 quokka zombies (Ossuary)
  16 rats
  6 rat zombies (Ossuary)
228 creatures vanquished.

Vanquished Creatures (others)
  An orc (Bailey)
  5 plants (Sewer)
6 creatures vanquished.

Grand Total: 234 creatures vanquished

Notes
Turn   | Place    | Note
-------+----------+-------------------------------------------
     0 | D:1      | experimilk the Troll Gladiator began the quest for the Orb.
     0 | D:1      | Reached XP level 1. HP: 19/19 MP: 0/0
   351 | D:1      | Reached XP level 2. HP: 27/27 MP: 1/1
   453 | D:1      | You fall into a shaft and drop 1 floor!
   814 | D:1      | Found a faded altar of an unknown god.
  1304 | D:2      | Reached XP level 3. HP: 31/33 MP: 2/2
  1384 | D:2      | Reached skill level 4 in Unarmed Combat
  1459 | D:2      | Identified the +3 dagger "Wewamyele" {vorpal, rF- Str+6}
  1657 | D:2      | Reached XP level 4. HP: 41/41 MP: 3/3
  2029 | D:3      | Found an iron altar of Okawaru.
  2030 | D:3      | Found a snail-covered altar of Cheibriados.
  2033 | D:3      | Became a worshipper of Warmaster Okawaru
  2604 | D:3      | Reached skill level 5 in Unarmed Combat
  2634 | D:3      | Reached XP level 5. HP: 28/48 MP: 4/4
  3179 | D:3      | Found a runed translucent door.
  3180 | D:3      | Noticed Crazy Yiuf
  3187 | D:3      | Killed Crazy Yiuf
  3188 | D:3      | Reached skill level 6 in Unarmed Combat
  3326 | D:4      | Reached XP level 6. HP: 55/55 MP: 5/5
  3349 | D:4      | Reached * piety under Okawaru
  3705 | D:4      | Reached skill level 7 in Unarmed Combat
  3868 | D:4      | Found Teodosio's Dragon-Slaying Spoils.
  3978 | D:4      | Reached XP level 7. HP: 57/62 MP: 6/6
  4034 | D:5      | Entered Level 5 of the Dungeon
  4126 | D:5      | Reached skill level 1 in Invocations
  4197 | D:5      | Found a sand-covered staircase.
  4202 | Ossuary  | Entered an ossuary
  4361 | Ossuary  | Reached skill level 8 in Unarmed Combat
  4903 | D:5      | Identified the +8 flail "Earthworm" {freeze, rPois rF++
                  | MP+9 Dex-3}
  5300 | D:5      | Reached ** piety under Okawaru
  5301 | D:5      | Reached XP level 8. HP: 70/70 MP: 9/9
  5526 | D:5      | Reached skill level 9 in Unarmed Combat
  5849 | D:6      | Found a glowing drain.
  5859 | Sewer    | Entered a sewer
  6905 | D:6      | Noticed Pikel
  6928 | D:6      | Killed Pikel
  6928 | D:6      | Reached *** piety under Okawaru
  6929 | D:6      | Reached skill level 10 in Unarmed Combat
  6929 | D:6      | Reached XP level 9. HP: 71/81 MP: 7/10
  7272 | D:6      | Reached skill level 5 in Throwing
  7633 | D:7      | Noticed Joseph
  7642 | D:7      | Killed Joseph
  7642 | D:7      | Reached **** piety under Okawaru
  7643 | D:7      | Reached skill level 11 in Unarmed Combat
  7810 | D:7      | Noticed Prince Ribbit
  7818 | D:7      | Killed Prince Ribbit
  7884 | D:7      | Found a shimmering blue altar of Sif Muna.
  7899 | D:7      | Received a gift from Okawaru
  7909 | D:7      | Found a staircase to the Ecumenical Temple.
  7920 | D:7      | Reached skill level 12 in Unarmed Combat
  7936 | D:7      | Reached XP level 10. HP: 57/91 MP: 9/11
  8023 | D:7      | Found a flagged portal.
  8042 | Bailey   | Entered a bailey
  8237 | Bailey   | Slain by an orc warrior

Illustrated notes

Levels and vault maps discovered:
D:1:      onia_arrival_handbag, layout_basic, basic_ecumenical_altar
D:2:      layout_loops_corners
D:3:      layout_basic, mainiacjoe_overflow_divided_tiny, minivault_27,
          uniq_crazy_yiuf_cottage
D:4:      layout_basic, nicolae_shop_dragon_depot
D:5:      layout_gridville, nicolae_ossuary_entry_false_entrances,
          corner_web_ring
D:6:      layout_basic, portal_sewer_entry_e, uniq_pikel
D:7:      layout_rooms, lemuel_blue_sif_altar, minmay_temple_entry_glass,
          enter_bailey_7, grunt_decor_clamped, uniq_prince_ribbit1, uniq_joseph
Bailey:   bailey_polearm_flooded_kennysheep, bailey

Skill      XL: |  1  2  3  4  5  6  7  8  9 10 |
---------------+-------------------------------+-----
Throwing       | 2 3 4 6 |  6.0
Unarmed Combat | 4 5 6 7 8 10 12 | 12.4
Invocations    | 3 4 |  4.2
Fighting       | 3 |  3.0
Dodging        | |  2.4

Action                   |  1- 3 |  4- 6 |  7- 9 | 10-12 || total
-------------------------+-------+-------+-------+-------++-------
Melee: Unarmed           |    50 |   108 |   328 |    36 ||   522
       Punch             |       |     3 |    13 |     3 ||    19
Throw: Boomerang         |    33 |    16 |    11 |       ||    60
       Stone             |       |       |    72 |       ||    72
       Large rock        |       |       |     2 |       ||     2
       Throwing net      |       |       |     1 |       ||     1
Invok: Heroism           |       |       |     5 |       ||     5
  Use: Scroll            |     2 |     3 |     5 |     1 ||    11
       Potion            |       |       |       |     4 ||     4
 Stab: Sleeping          |       |     1 |     2 |       ||     3
       Held in net/web   |       |       |     1 |       ||     1
       Invisible         |       |       |       |     1 ||     1
Armor: Robe              |    19 |    36 |    54 |    16 ||   125
Dodge: Dodged            |    16 |    45 |   108 |    53 ||   222
